 Dungeon Crawl Stone Soup version 0.23.0-33-g5e6c059 (webtiles) character file.

Game seed: 6216556394173686336

25794 vishdafish the Blocker (level 13, -14/103 HPs)
             Began as a Gnoll Fighter on Feb 26, 2019.
             Was a High Priest of Yredelemnul.
             Engulfed by a cloud of freezing vapour (23 damage)
             ... in an ice cave.
             The game lasted 00:25:54 (12921 turns).

vishdafish the Blocker (Gnoll Fighter)             Turns: 12921, Time: 00:25:55

Health: -14/103    AC: 17    Str: 30    XL:     13   Next: 21%
Magic:  24/24      EV: 20    Int: 10    God:    Yredelemnul [*****.]
Gold:   274        SH: 14    Dex: 25    Spells: 25/27 levels left

rFire    . . .     SeeInvis .   l - +7 long sword "Imaimull" {pain, MR+ Str+6 Dex+10 Stlth-}
rCold    . . .     Gourm    .   c - +0 shield
rNeg     . . .     Faith    .   N - +2 ring mail {rPois}
rPois    +         Spirit   .   (no helmet)
rElec    .         Reflect  .   Q - +0 cloak
rCorr    .         Harm     .   A - +0 pair of gloves
MR       ++...                  E - +0 pair of boots
Stlth    +++.......             (no amulet)
HPRegen  0.27/turn              R - ring of protection from magic
MPRegen  0.19/turn              H - +2 ring of evasion

@: no status effects
A: distributed training, fangs 1, molten scales 1, yellow scales 1, strong nose
a: Recall Undead Slaves, Injury Mirror, Animate Dead, Drain Life, Enslave Soul,
Renounce Religion


You were in an ice cave.
You worshipped Yredelemnul.
Yredelemnul was extremely pleased with you.
You were not hungry.

You visited 2 branches of the dungeon, and saw 13 of its levels.
You also visited: Ice Cave.

You collected 671 gold pieces.
You spent 397 gold pieces at shops.

Inventory:

Hand Weapons
 k - the +6 hand crossbow of the Forsaken Gods {flame, *Corrode MR+ Str+5 SInv}
   (You found it in an ice cave)

   It causes projectiles fired from it to burn those they strike, causing extra
   injury to most foes and up to half again as much damage against particularly
   susceptible opponents.
   It affects your strength (+5).
   It affects your resistance to hostile enchantments.
   It lets you see invisible.
   It may corrode you when you take damage.
 l - the +7 long sword "Imaimull" (weapon) {pain, MR+ Str+6 Dex+10 Stlth-}
   (You found it on level 12 of the Dungeon)

   In the hands of one skilled in necromantic magic, it inflicts extra damage on
   living creatures.
   It affects your strength (+6).
   It affects your dexterity (+10).
   It affects your resistance to hostile enchantments.
   It makes you less stealthy.
 G - the +4 war axe "Jom Yrch" {venom, Dex+3}
   (You bought it in a shop on level 5 of the Dungeon)

   It poisons the flesh of those it strikes.
   It affects your dexterity (+3).
 Y - the +6 arbalest of Hell's Wrath {venom, -Tele +Inv +Fly Str+3, unknown}
   (You found it on level 11 of the Dungeon)

   It poisons the ammo it fires.
   It affects your strength (+3).
   It lets you turn invisible.
   It lets you fly.
   It prevents most forms of teleportation.
Missiles
 y - 6 javelins (quivered)
 J - 4 throwing nets
 L - 5 javelins of penetration
Armour
 c - a +0 shield (worn)
 A - a +0 pair of gloves (worn)
 E - a +0 pair of boots (worn)
 N - a +2 ring mail of poison resistance (worn)
 Q - a +0 cloak (worn)
Jewellery
 q - a +3 ring of intelligence
 r - an uncursed ring of magical power
 H - a +2 ring of evasion (right hand)
 R - a ring of protection from magic (left hand)
 X - an uncursed ring of protection from fire
Wands
 b - a wand of disintegration (11)
 I - a wand of polymorph (24)
 K - a wand of paralysis (4)
 T - a wand of iceblast (11)
Scrolls
 a - a scroll of acquirement {unknown}
 h - 3 scrolls of fear
 i - 4 scrolls of blinking
 j - 2 scrolls of magic mapping {unknown}
 m - 3 scrolls of noise
 o - 3 scrolls of fog
 u - 3 scrolls of amnesia
 v - 2 scrolls of enchant armour
 x - 2 scrolls of remove curse
 B - a scroll of vulnerability {unknown}
 F - a scroll of torment {unknown}
 M - a scroll of random uselessness {unknown}
 P - 3 scrolls of enchant weapon
 U - a scroll of silence {unknown}
 V - a scroll of teleportation {unknown}
Potions
 d - a potion of might
 e - 3 potions of curing
 n - 3 potions of haste
 p - 4 potions of mutation
 s - 2 potions of cancellation
 t - 3 potions of degeneration {unknown}
 w - a potion of ambrosia {unknown}
 z - 4 potions of flight
 C - 2 potions of resistance {unknown}
 D - 4 potions of agility {unknown}
 O - a potion of magic {unknown}
 S - a potion of invisibility {unknown}
 W - a potion of experience {unknown}
 Z - a potion of lignification {unknown}
Miscellaneous
 g - a sack of spiders
Comestibles
 f - 19 rations


   Skills:
 + Level 10.3 Fighting
 + Level 7.9 Short Blades
 + Level 9.2 Long Blades
 + Level 7.9 Axes
 + Level 7.9 Maces & Flails
 + Level 7.9 Polearms
 + Level 7.9 Staves
 + Level 7.9 Slings
 + Level 7.9 Bows
 + Level 7.9 Crossbows
 + Level 7.9 Throwing
 + Level 10.3 Armour
 + Level 7.9 Dodging
 + Level 7.9 Stealth
 + Level 10.3 Shields
 + Level 7.9 Unarmed Combat
 + Level 7.9 Spellcasting
 + Level 6.6 Conjurations
 + Level 6.6 Hexes
 + Level 6.6 Charms
 + Level 6.6 Summonings
 + Level 6.6 Necromancy
 + Level 6.6 Translocations
 + Level 6.6 Transmutations
 + Level 6.6 Fire Magic
 + Level 6.6 Ice Magic
 + Level 6.6 Air Magic
 + Level 6.6 Earth Magic
 + Level 6.6 Poison Magic
 + Level 8.7 Invocations
 + Level 7.9 Evocations


You had 25 spell levels left.
You knew the following spells:

 Your Spells              Type           Power        Failure   Level  Hunger
a - Ensorcelled Hibernat  Hex/Ice        ###...       4%          2    ##.....

Your spell library contained the following spells:

 Spells                   Type           Power        Failure   Level  Hunger
 Corona                   Hex            ###....      2%          1    None
 Summon Butterflies       Summ           ###.....     2%          1    None
 Summon Small Mammal      Summ           ###.         2%          1    None
 Call Imp                 Summ           ###.....     4%          2    ##.....
 Call Canine Familiar     Summ           ###.....     9%          3    ###....
 Confuse                  Hex            ###.....     9%          3    ###....
 Dazzling Spray           Conj/Hex       ###...       9%          3    ###....
 Summon Guardian Golem    Hex/Summ       ###.....     9%          3    ###....
 Tukima's Dance           Hex            ###.....     9%          3    ###....
 Summon Ice Beast         Ice/Summ       ###.....     26%         4    ####...
 Summon Lightning Spire   Summ/Air       ###.....     26%         4    ####...
 Summon Mana Viper        Hex/Summ       ###.....     58%         5    ######.
 Summon Hydra             Summ           ###.......   100%        7    #######


Dungeon Overview and Level Annotations

Branches:
Dungeon (12/15)            Temple (1/1) D:4            Lair (0/6) D:9
    Orc (0/2) D:11

Altars:
Ashenzari
Cheibriados
Dithmenos
Elyvilon
Fedhas
Gozag
Hepliaklqana
Kikubaaqudgha
Makhleb
Nemelex Xobeh
Okawaru
Qazlal
Ru
Sif Muna
Trog
Vehumet
Wu Jian
Xom
Yredelemnul
Zin
The Shining One

Shops:
D:5 (   D:6 %   D:10 (   D:11 ?

Annotations:
D:10 4 runed translucent doors


Innate Abilities, Weirdness & Mutations

Your experience applies equally to all skills.
You have very sharp teeth.
Your uncanny sense of smell can sniff out nearby items.
You are partially covered in molten scales. (AC +2)
You are partially covered in yellow scales. (AC +2)


Message History

You swap places.
You eat one of the 20 rations.
That ration really hit the spot!
You start resting.
Magic restored.
You start resting.
You swap places.
You are engulfed in freezing vapours.
You are engulfed in freezing vapours.
Your yak zombie is engulfed in freezing vapours.
You are engulfed in freezing vapours.
Your yak zombie is engulfed in freezing vapours.
You are engulfed in freezing vapours.
* * * LOW HITPOINT WARNING * * *
You are engulfed in freezing vapours.
* * * LOW HITPOINT WARNING * * *
Your yak zombie is engulfed in freezing vapours.
Your death yak zombie is engulfed in freezing vapours.
You are engulfed in freezing vapours.
You die...
Your body rises from the dead as a mindless zombie.

## . ≈#. # ≈≈ .## ##
∆ ##.. ≈# ∆ #####
☼☼### ####.○.###
##§§.##
###....#○°.###☼○☼..#
#Z.Z..####.Z###§§§#
.....## ##.°.○○@#
###### ########


You could see a friendly yak zombie.

Vanquished Creatures
  Gastronok (D:9)
  Fannar (D:11)
  A hydra (D:12)
  Harold (D:7)
  Erolcha (D:11)
  4 two-headed ogres
  2 death yaks (IceCv)
  Nergalle (D:11)
  2 unseen horrors
  Pikel (D:5)
  A deep elf mage (D:11)
  An ugly thing (D:11)
  Joseph (D:8)
  An ice statue (IceCv)
  Maurice (D:8)
  A kobold demonologist (D:11)
  An ice devil (D:12)
  7 polar bears (IceCv)
  A troll (D:9)
  2 hornets (D:8)
  2 hippogriffs (D:9)
  29 yaks
  A wraith (D:10)
  A wyvern (D:8)
  Eustachio (D:5)
  A water moccasin (D:10)
  3 orc warriors
  2 porcupines (D:9)
  2 black bears (D:9)
  4 ice beasts
  A necrophage (D:10)
  2 sky beasts
  5 ogres
  10 wolves (IceCv)
  An eye of draining (D:4)
  5 centaurs
  3 big kobolds
  5 bullfrogs
  A water moccasin zombie (D:7)
  2 scorpions
  2 wyvern skeletons
  2 killer bees (D:11)
  5 wights (D:9)
  3 howler monkeys
  3 centaur zombies
  2 quasits
  A bullfrog zombie (D:5)
  A hound (D:4)
  2 jellies
  10 orc priests
  2 bullfrog skeletons
  5 iguanas
  11 orc wizards
  8 worker ants
  3 hound zombies
  A hound skeleton (D:4)
  2 worker ant zombies (D:5)
  9 adders
  2 shadow imps (D:9)
  An ooze (D:5)
  An adder skeleton (D:5)
  3 worms
  3 dart slugs
  7 leopard geckos
  29 orcs
  2 giant cockroaches
  7 goblins
  8 hobgoblins
  18 jackals
  3 quokkas
  2 ball pythons (D:2)
  6 bats
  2 frilled lizards
  8 kobolds
  2 quokka skeletons (D:5)
  4 rats
  A fungus (D:9)
  2 plants (D:9)
296 creatures vanquished.

Vanquished Creatures (collateral kills)
  A manticore (D:11)
  An ice devil (D:12)
  2 polar bears (IceCv)
  A wyvern (D:11)
  A warg (D:11)
  A black bear (D:11)
  An eye of draining (D:11)
  A phantom (D:11)
  A crocodile (D:11)
  A big kobold (D:11)
  A killer bee (D:11)
  A bullfrog zombie (D:11)
  A hound (D:11)
  An orc priest (D:11)
  An orc wizard (D:11)
  A shadow imp (D:11)
  7 orcs (D:11)
  A goblin (D:11)
  A hobgoblin (D:11)
26 creatures vanquished.

Vanquished Creatures (others)
  A polar bear (IceCv)
  2 flying skulls (D:12)
  A wraith (IceCv)
  A yak (IceCv)
  An ogre (D:5)
  3 wolves (IceCv)
  2 yak zombies (IceCv)
  2 wights
  2 wolf zombies (IceCv)
  A bullfrog zombie (D:11)
  An iguana (D:5)
  3 killer bee zombies (D:11)
  A big kobold zombie (D:11)
  An orc (D:11)
  12 orc zombies (D:11)
  A fungus (D:9)
35 creatures vanquished.

Grand Total: 357 creatures vanquished

Notes
Turn   | Place    | Note
-------+----------+-------------------------------------------
     0 | D:1      | vishdafish the Gnoll Fighter began the quest for the Orb.
     0 | D:1      | Reached XP level 1. HP: 23/23 MP: 1/1
    55 | D:1      | Reached XP level 2. HP: 28/29 MP: 2/2
   406 | D:2      | Found a shadowy altar of Dithmenos.
   423 | D:2      | Reached XP level 3. HP: 31/35 MP: 3/3
   657 | D:2      | Found a glowing silver altar of Zin.
   783 | D:2      | Reached skill level 1 in Invocations
  1358 | D:3      | Reached skill level 1 in Short Blades
  1358 | D:3      | Reached skill level 1 in Axes
  1358 | D:3      | Reached skill level 1 in Maces & Flails
  1358 | D:3      | Reached skill level 1 in Polearms
  1358 | D:3      | Reached skill level 1 in Staves
  1358 | D:3      | Reached skill level 1 in Slings
  1358 | D:3      | Reached skill level 1 in Bows
  1358 | D:3      | Reached skill level 1 in Crossbows
  1358 | D:3      | Reached skill level 1 in Throwing
  1358 | D:3      | Reached skill level 1 in Dodging
  1358 | D:3      | Reached skill level 1 in Stealth
  1358 | D:3      | Reached skill level 1 in Unarmed Combat
  1358 | D:3      | Reached skill level 1 in Spellcasting
  1358 | D:3      | Reached skill level 1 in Evocations
  1358 | D:3      | Reached XP level 4. HP: 39/41 MP: 5/5
  1360 | D:3      | Reached skill level 1 in Conjurations
  1360 | D:3      | Reached skill level 1 in Hexes
  1360 | D:3      | Reached skill level 1 in Charms
  1360 | D:3      | Reached skill level 1 in Summonings
  1360 | D:3      | Reached skill level 1 in Necromancy
  1360 | D:3      | Reached skill level 1 in Translocations
  1360 | D:3      | Reached skill level 1 in Transmutations
  1360 | D:3      | Reached skill level 1 in Fire Magic
  1360 | D:3      | Reached skill level 1 in Ice Magic
  1360 | D:3      | Reached skill level 1 in Air Magic
  1360 | D:3      | Reached skill level 1 in Earth Magic
  1360 | D:3      | Reached skill level 1 in Poison Magic
  1409 | D:3      | Noticed a bullfrog
  1423 | D:3      | Killed a bullfrog
  1423 | D:3      | Reached XP level 5. HP: 29/47 MP: 7/7
  1518 | D:3      | You fall through a shaft!
  1774 | D:3      | Reached XP level 6. HP: 50/53 MP: 8/8
  2506 | D:3      | Reached skill level 5 in Long Blades
  2793 | D:4      | Reached XP level 7. HP: 46/59 MP: 10/10
  2985 | D:4      | Found a staircase to the Ecumenical Temple.
  3008 | Temple   | Entered the Ecumenical Temple
  3071 | Temple   | Became a worshipper of Yredelemnul the Dark
  3618 | D:4      | Found a bloodstained altar of Trog.
  3807 | D:5      | Entered Level 5 of the Dungeon
  3807 | D:5      | Noticed Eustachio
  3815 | D:5      | Killed Eustachio
  3834 | D:5      | Found Bizythil's Antique Weapon Emporium.
  3837 | D:5      | Reached XP level 8. HP: 55/67 MP: 12/12
  4115 | D:5      | Noticed Pikel
  4133 | D:5      | Killed Pikel
  4284 | D:5      | Found a deep blue altar of Sif Muna.
  4406 | D:5      | Reached * piety under Yredelemnul
  4611 | D:5      | Found a sacrificial altar of Ru.
  4806 | D:6      | Reached XP level 9. HP: 35/72 MP: 14/14
  4873 | D:6      | Found Haneskon's Food Boutique.
  4977 | D:6      | Killed an unseen horror
  5021 | D:6      | Found a glowing golden altar of the Shining One.
  5519 | D:6      | Noticed a two-headed ogre
  5525 | D:6      | Killed a two-headed ogre
  5525 | D:6      | Reached skill level 5 in Invocations
  6441 | D:7      | Reached XP level 10. HP: 74/80 MP: 17/17
  6471 | D:7      | Learned a level 2 spell: Ensorcelled Hibernation
  6629 | D:5      | Bought a transparent war axe for 221 gold pieces
  6631 | D:5      | Identified the +4 war axe "Jom Yrch" {venom, Dex+3} (You
                  | bought it in a shop on level 5 of the Dungeon)
  6777 | D:7      | Noticed Harold
  6795 | D:7      | Killed Harold
  6795 | D:7      | Reached skill level 5 in Short Blades
  6795 | D:7      | Reached skill level 5 in Axes
  6795 | D:7      | Reached skill level 5 in Maces & Flails
  6795 | D:7      | Reached skill level 5 in Polearms
  6795 | D:7      | Reached skill level 5 in Staves
  6795 | D:7      | Reached skill level 5 in Slings
  6795 | D:7      | Reached skill level 5 in Bows
  6795 | D:7      | Reached skill level 5 in Crossbows
  6795 | D:7      | Reached skill level 5 in Throwing
  6795 | D:7      | Reached skill level 5 in Dodging
  6795 | D:7      | Reached skill level 5 in Stealth
  6795 | D:7      | Reached skill level 5 in Unarmed Combat
  6795 | D:7      | Reached skill level 5 in Spellcasting
  6795 | D:7      | Reached skill level 5 in Evocations
  7140 | D:8      | Reached ** piety under Yredelemnul
  7248 | D:8      | Found a stormy altar of Qazlal.
  7440 | D:8      | Noticed Joseph
  7453 | D:8      | Killed Joseph
  7559 | D:8      | Noticed Maurice
  7576 | D:8      | Killed Maurice
  8062 | D:8      | Gained mutation: You are partially covered in yellow
                  | scales. (AC +2) [potion of mutation]
  8062 | D:8      | Gained mutation: You are partially covered in molten
                  | scales. (AC +2) [potion of mutation]
  8436 | D:9      | Noticed a two-headed ogre
  8441 | D:9      | Killed a two-headed ogre
  8754 | D:9      | Reached XP level 11. HP: 57/87 MP: 19/19
  8987 | D:9      | Found a snail-covered altar of Cheibriados.
  9069 | D:9      | Reached skill level 5 in Conjurations
  9069 | D:9      | Reached skill level 5 in Hexes
  9069 | D:9      | Reached skill level 5 in Charms
  9069 | D:9      | Reached skill level 5 in Summonings
  9069 | D:9      | Reached skill level 5 in Necromancy
  9069 | D:9      | Reached skill level 5 in Translocations
  9069 | D:9      | Reached skill level 5 in Transmutations
  9069 | D:9      | Reached skill level 5 in Fire Magic
  9069 | D:9      | Reached skill level 5 in Ice Magic
  9069 | D:9      | Reached skill level 5 in Air Magic
  9069 | D:9      | Reached skill level 5 in Earth Magic
  9069 | D:9      | Reached skill level 5 in Poison Magic
  9367 | D:9      | Noticed a two-headed ogre
  9376 | D:9      | Killed a two-headed ogre
  9468 | D:9      | Got a bloodstained chain mail
  9479 | D:9      | Identified the cursed +0 chain mail of Sunlight {*Drain
                  | rElec Dex+6} (You found it on level 9 of the Dungeon)
  9558 | D:9      | Noticed Gastronok
  9742 | D:9      | Killed Gastronok
  9742 | D:9      | Reached *** piety under Yredelemnul
  9778 | D:9      | Found a staircase to the Lair.
  9887 | D:10     | Entered Level 10 of the Dungeon
  9889 | D:10     | Found Paxe's Antique Weapon Boutique.
  9956 | D:10     | Found a huge runed translucent gate.
  9956 | D:10     | Found a huge runed translucent gate.
  9956 | D:10     | Found a huge runed translucent gate.
  9956 | D:10     | Found a huge runed translucent gate.
  9956 | D:10     | Noticed a death yak
  9956 | D:10     | Noticed a manticore
 10282 | D:10     | Found an opulent altar of Gozag.
 10503 | D:11     | Noticed a two-headed ogre
 10506 | D:11     | Noticed a deep elf mage
 10513 | D:10     | Killed a two-headed ogre
 10564 | D:11     | Received a gift from Yredelemnul (a wight)
 10578 | D:11     | Reached XP level 12. HP: 83/96 MP: 22/22
 10591 | D:11     | Noticed Erolcha
 10741 | D:11     | Noticed Nergalle
 10753 | D:11     | Killed Erolcha
 10757 | D:11     | Killed Nergalle
 10762 | D:11     | Reached **** piety under Yredelemnul
 10927 | D:11     | Found Peucus's Magic Scroll Shoppe.
 10935 | D:11     | Got an iridescent arbalest
 10954 | D:11     | Bought a scroll of fear for 56 gold pieces
 10954 | D:11     | Bought a scroll of enchant armour for 120 gold pieces
 10991 | D:11     | Noticed Fannar
 11001 | D:11     | Killed Fannar
 11010 | D:11     | Found a staircase to the Orcish Mines.
 11142 | D:11     | Your ally Nergalle died
 11408 | D:12     | Got a fine long sword
 11409 | D:12     | Identified the +7 long sword "Imaimull" {pain, MR+ Str+6
                  | Dex+10 Stlth-} (You found it on level 12 of the Dungeon)
 11502 | D:12     | Noticed a six-headed hydra
 11516 | D:12     | Killed a six-headed hydra
 11519 | D:12     | Received a gift from Yredelemnul (2 flying skulls)
 11566 | D:12     | Found a frozen archway.
 11609 | IceCv    | Entered an ice cave
 11742 | IceCv    | Reached skill level 10 in Fighting
 11742 | IceCv    | Reached skill level 10 in Armour
 11742 | IceCv    | Reached skill level 10 in Shields
 12136 | IceCv    | Reached ***** piety under Yredelemnul
 12136 | IceCv    | Received a gift from Yredelemnul (a wight)
 12141 | IceCv    | Got a bone hand crossbow
 12142 | IceCv    | Identified the +6 hand crossbow of the Forsaken Gods
                  | {flame, *Corrode MR+ Str+5 SInv} (You found it in an ice
                  | cave)
 12387 | IceCv    | Reached XP level 13. HP: 78/103 MP: 24/24
 12632 | IceCv    | Received a gift from Yredelemnul (a wraith)
 12921 | IceCv    | Engulfed by a cloud of freezing vapour

Skill      XL: |  1  2  3  4  5  6  7  8  9 10 11 12 |
---------------+-------------------------------------+-----
Invocations    | 1 2 3 4 5 6 7 8 |  8.7
Short Blades   | 1 2 3 4 5 6 7 |  7.9
Axes           | 1 2 3 4 5 6 7 |  7.9
Maces & Flails | 1 2 3 4 5 6 7 |  7.9
Polearms       | 1 2 3 4 5 6 7 |  7.9
Staves         | 1 2 3 4 5 6 7 |  7.9
Slings         | 1 2 3 4 5 6 7 |  7.9
Bows           | 1 2 3 4 5 6 7 |  7.9
Crossbows      | 1 2 3 4 5 6 7 |  7.9
Throwing       | 1 2 3 4 5 6 7 |  7.9
Dodging        | 1 2 3 4 5 6 7 |  7.9
Stealth        | 1 2 3 4 5 6 7 |  7.9
Unarmed Combat | 1 2 3 4 5 6 7 |  7.9
Spellcasting   | 1 2 3 4 5 6 7 |  7.9
Evocations     | 1 2 3 4 5 6 7 |  7.9
Conjurations   | 1 2 3 4 5 6 |  6.6
Hexes          | 1 2 3 4 5 6 |  6.6
Charms         | 1 2 3 4 5 6 |  6.6
Summonings     | 1 2 3 4 5 6 |  6.6
Necromancy     | 1 2 3 4 5 6 |  6.6
Translocations | 1 2 3 4 5 6 |  6.6
Transmutations | 1 2 3 4 5 6 |  6.6
Fire Magic     | 1 2 3 4 5 6 |  6.6
Ice Magic      | 1 2 3 4 5 6 |  6.6
Air Magic      | 1 2 3 4 5 6 |  6.6
Earth Magic    | 1 2 3 4 5 6 |  6.6
Poison Magic   | 1 2 3 4 5 6 |  6.6
Long Blades    | 5 6 7 8 9 |  9.2
Fighting       | 7 8 9 10 | 10.3
Armour         | 7 8 9 10 | 10.3
Shields        | 7 8 9 10 | 10.3

Action                   |  1- 3 |  4- 6 |  7- 9 | 10-12 | 13-15 || total
-------------------------+-------+-------+-------+-------+-------++-------
Melee: Long sword        |    76 |   136 |   313 |   117 |    98 ||   740
       Bite              |     7 |    16 |    44 |   113 |    20 ||   200
       War axe           |       |       |       |   394 |       ||   394
Throw: Javelin           |       |       |    21 |     9 |       ||    30
Invok: Animate Dead      |       |       |       |    15 |     3 ||    18
Evoke: Wand              |       |       |       |     9 |       ||     9
  Use: Potion            |       |       |     4 |     1 |     1 ||     6
       Scroll            |       |       |       |    10 |       ||    10
 Stab: Sleeping          |       |       |       |     8 |       ||     8
       Paralysed         |       |       |       |     4 |       ||     4
       Distracted        |       |       |       |     5 |       ||     5
  Eat: Chunk             |       |     5 |    10 |    15 |       ||    30
       Ration            |       |       |     1 |     3 |     1 ||     5
Armor: Scale mail        |    16 |    93 |    76 |    19 |       ||   204
       Ring mail         |       |       |       |   146 |    13 ||   159
Dodge: Dodged            |    22 |    57 |   102 |   349 |    55 ||   585
Block: Shield            |    38 |   108 |   159 |   396 |    64 ||   765
       Rpst.: Long sword |    10 |    17 |    22 |    17 |    14 ||    80
